[Event "Presidents Day NY GM A 2025"]
[Site "New York"]
[Date "2025.02.14"]
[Round "1.1"]
[White "Paragua, Mark"]
[Black "Gauri, Shankar"]
[Result "1/2-1/2"]
[Annotator "TA"]
[ECO "C65"]
[WhiteElo "2446"]
[BlackElo "2360"]
[PlyCount "176"]
[EventDate "2025.02.12"]
[EventType "tourn"]
[EventCountry "USA"]
[SourceTitle "playchess.com"]
[Source "ChessBase"]
[SourceQuality "1"]
[TimeControl "5400+30"]

1. e4 e5 2. Nf3 Nc6 3. Bb5 Nf6 4. d3 Bc5 5. Bxc6 dxc6 6. O-O {[%emt 0:00:17] C65: Ruy Lopez: Berlin Defence (3...Nf6), unusual lines and 4 0-0 Bc5.} (6. Nxe5 $2 Qd4 7. Qe2 Qxe5 $19) 6... Qe7 7. Nbd2 O-O 8. Nc4 Nd7 9. c3 Bd6 10. Bg5 $146 (10. Re1 Re8 11. d4 f6 12. dxe5 Nxe5 13. Nfxe5 Bxe5 14. Be3 b6 15. f3 Qf7 16. Nxe5 Rxe5 {1-0 Duda,J (2750)-Hansen,E (2606) Oslo Esports Cup rapid 2022 (7.2)}) 10... f6 11. Bh4 Nb6 12. Ne3 c5 13. Nd2 Be6 14. Bg3 Rad8 15. Qc2 c6 16. a4 a5 17. Rfd1 Bc7 18. Nb3 Nd7 19. f3 Qf7 20. Nd2 Nb6 21. Bf2 Rd7 22. c4 (22. Rab1 $11) 22... Rfd8 (22... Nc8 $17) 23. Nb3 $1 $14 Bd6 24. Nf5 Bxf5 25. exf5 Qf8 (25... Nc8 $1 $11) 26. Nxa5 $16 Ra8 27. Nb3 Rxa4 28. Rxa4 Nxa4 29. Nd2 Nb6 30. Ne4 Nc8 $1 31. Ra1 {[%emt 0:00:16] White is much more active. Black is weak on the light squares} Be7 32. Ra8 g6 33. Rb8 (33. Ng3 $14) 33... gxf5 $11 34. Ng3 Bd6 35. Ra8 Rd8 (35... f4 $11 36. Nf5 Rd8) 36. Nxf5 $14 Ne7 37. Rxd8 (37. Nh6+ $5 Kg7 38. Rxd8 Qxd8 39. Qd2 $14) 37... Qxd8 38. Ng3 Qa5 (38... Ng6 $11 {remains equal.}) 39. h4 $16 Ng6 {[%emt 0:00:31][%cal Oa5d8] [#]} 40. Nf5 $1 Bf8 41. g3 b6 42. Qe2 Qa7 43. Qe4 Qd7 44. Ne3 ({White should try} 44. Kg2 $16) 44... Bg7 45. Qf5 Qxf5 46. Nxf5 $11 {[%emt 0:00:02][%mdl 4096] Endgame KBN-KBN} Bf8 47. h5 Nh8 48. g4 Kf7 $1 49. Bg3 Ke6 50. f4 exf4 {[%emt 0:01:13] The position is equal.} 51. Bxf4 Nf7 52. Kf2 Bd6 53. Nxd6 Nxd6 {[%emt 0:00:02] KB-KN} 54. Kf3 Nf7 55. Bc7 Ne5+ 56. Ke4 {[%emt 0:00:01] [#]} Nxg4 57. Bxb6 f5+ 58. Kf3 Ne5+ 59. Ke2 Nd7 60. Ba5 f4 61. Bc7 Ne5 62. b3 f3+ 63. Ke3 f2 $1 64. Kxf2 {[%emt 0:00:03] Bxe5 is the strong threat.} Nxd3+ 65. Ke3 Nc1 66. Bb6 $1 Nxb3 67. Ke4 Kf6 {[%emt 0:01:26] ...Kg5 would now be deadly.} 68. Bd8+ Ke6 69. Bb6 Nd2+ 70. Kd3 Nb3 71. Kc3 Nd4 72. Bxc5 Ne2+ 73. Kd3 Nf4+ 74. Ke4 Nxh5 75. Bf2 Nf6+ 76. Kf4 Nd7 77. Bd4 Nf6 78. Kg5 Ne4+ 79. Kh6 Nd6 {[%emt 0:00:16] ( -> ...Nf5+)} 80. Kxh7 Nxc4 81. Kg6 Kd5 (81... Ne5+ $5 82. Kg7 Kd5 $11) 82. Ba7 Nd6 83. Kg5 Nc8 84. Bf2 $1 Ke4 85. Kf6 Kd5 86. Kf5 Nd6+ 87. Kf4 c5 88. Bxc5 Kxc5 {[%emt 0:00:01] Weighted Error Value: White=0.12 (very precise) /Black=0.11 (very precise)   Mistake:       	White=3     	Black=4      Inaccurate:     	White=6     	---        OK:         	White=34    	Black=39     Best:        	White=5     	Black=4      Strong:       	White=3     	Black=3} 1/2-1/2

[Event "Presidents Day NY GM A 2025"]
[Site "New York"]
[Date "2025.02.14"]
[Round "1.2"]
[White "Putnam, Liam"]
[Black "Stearman, Josiah"]
[Result "1/2-1/2"]
[Annotator "RC"]
[ECO "B62"]
[WhiteElo "2402"]
[BlackElo "2439"]
[PlyCount "133"]
[EventDate "2025.02.12"]
[EventType "tourn"]
[EventCountry "USA"]
[SourceTitle "playchess.com"]
[Source "ChessBase"]
[SourceQuality "1"]
[TimeControl "5400+30"]

1. e4 c5 2. Nf3 d6 3. d4 cxd4 4. Nxd4 Nf6 5. Nc3 Nc6 6. Bg5 e6 7. Qd3 Bd7 8. O-O-O a6 9. f4 Be7 10. Nf3 Qa5 11. Bxf6 gxf6 12. Qe3 Rc8 13. Kb1 Qc5 14. Qxc5 dxc5 15. Na4 Rd8 16. Nb6 Rg8 17. g3 Nd4 18. Nxd4 cxd4 19. Rxd4 Bc6 20. Rxd8+ Bxd8 21. Nc4 h5 22. Bd3 Bc7 23. Rf1 h4 24. gxh4 Rg4 25. f5 Ke7 26. Nd2 Rxh4 27. Nf3 Rf4 28. Nd2 Rg4 29. h3 Rh4 30. Rf3 Bf4 31. Nb3 Bg5 32. a3 b6 33. fxe6 fxe6 34. Rg3 Bxe4 35. Bxa6 Bf5 36. Bf1 e5 37. Nc1 Rd4 38. Bd3 e4 39. Be2 Rd6 40. b4 Ke6 41. a4 Bd2 42. Rb3 Ke5 43. a5 bxa5 44. bxa5 Bxa5 45. Rb5+ Rd5 46. Rxd5+ Kxd5 47. c4+ Ke5 48. Bf1 Be6 49. Kc2 f5 50. h4 f4 51. c5 f3 52. h5 Kf6 53. c6 Kg5 54. Nb3 Bxb3+ 55. Kxb3 e3 56. Kc2 e2 57. Bxe2 fxe2 58. c7 e1=Q 59. c8=Q Qe4+ 60. Kc1 Qe3+ 61. Kc2 Qe2+ 62. Kb1 Qb5+ 63. Kc1 Qf1+ 64. Kb2 Qf6+ 65. Kb1 Qb6+ 66. Ka2 Qf2+ 67. Kb1 1/2-1/2

[Event "Presidents Day NY GM A 2025"]
[Site "New York"]
[Date "2025.02.14"]
[Round "1.3"]
[White "Jacobson, Aaron"]
[Black "Nagy, Gabor"]
[Result "1/2-1/2"]
[Annotator "TA"]
[ECO "B48"]
[WhiteElo "2343"]
[BlackElo "2472"]
[PlyCount "120"]
[EventDate "2025.02.12"]
[EventType "tourn"]
[EventCountry "USA"]
[SourceTitle "playchess.com"]
[Source "ChessBase"]
[SourceQuality "1"]
[TimeControl "5400+30"]

1. e4 c5 2. Nf3 e6 3. d4 cxd4 4. Nxd4 Nc6 5. Nc3 Qc7 6. Be3 a6 7. Qd2 Nf6 8. O-O-O Be7 {[%emt 0:02:07] [#] is now debated instead of 8...Bb4. B48: Sicilian: Taimanov: 5 Nc3 Qc7 6 Be3 a6 without Be2.} 9. g4 Nxg4 $15 10. Bf4 {[%emt 0:00:51] White sacrificed a pawn} Nge5 $1 {[%emt 0:01:56] Black is slightly better.} 11. Nxc6 bxc6 12. Rg1 g5 13. Rg3 $146 (13. Rxg5 Bxg5 14. Bxg5 Nf3 15. Qe3 Nxg5 16. Qxg5 d6 17. Qg3 e5 18. f4 Qe7 19. Qg7 {½-½ Yu,Y (2720)-Erigaisi,A (2738) Shenzhen Longgang 5th 2024 (5)}) 13... g4 $2 (13... gxf4 $19 14. Rh3 d5) 14. Rxg4 $16 {[%emt 0:00:00] White is more active.} Nf3 $2 15. Rg5 $4 (15. Bxc7 $18 {is the narrow road to win.} Nxd2 16. Rxd2) 15... Nxd2 16. Rh5 $2 (16. Bxc7 Bxg5 17. Rxd2) 16... Nxf1 $2 (16... Qxf4 $19 17. Rxd2 Bg5 18. Rxg5 Qxg5) 17. Bxc7 $11 f6 18. Rxf1 Ra7 {[%emt 0:06:54] [#]} 19. e5 $2 fxe5 $2 (19... Rxc7 $19 20. f4 f5) 20. Bxe5 $14 Rf8 21. Rxh7 d6 22. Bxd6 $1 (22. Bg7 $6 Bg5+ 23. Kb1 Rg8 $11) 22... Bg5+ 23. f4 Rxh7 24. Bxf8 Bf6 25. Ne4 Bxb2+ 26. Kxb2 Kxf8 $16 {[%emt 0:00:06][%mdl 4096] Endgame KRB-KRN. White is a pawn up.} 27. Rf2 Ke7 28. Kc3 Rh5 29. Kd4 Rd5+ 30. Ke3 Ra5 {[%emt 0:00:34] [#]} (30... Rh5 $16) 31. c3 (31. h4 $1 $18 {has better winning chances.}) 31... Bd7 ({Better is} 31... Rh5) 32. Ng5 ({White should play} 32. Rg2 $16) 32... Ra3 33. Kd3 c5 34. Ne4 Bb5+ 35. Ke3 Bc4 36. f5 (36. Nxc5 a5 $11) 36... exf5 37. Rxf5 Rxa2 38. Rxc5 (38. Nxc5 Rxh2 39. Rg5 Rh4 $11) 38... Bf7 39. h4 Rh2 40. Ng3 Kd6 41. Ra5 Bc4 42. Ne4+ Ke6 43. Rh5 (43. Kd4 $5 Bb5 44. c4 Bxc4 45. Kxc4 Rxh4 46. Kd4 $16 (46. Rxa6+ Kf5 $11)) 43... a5 44. Kd4 Be2 45. Rh6+ Kf7 46. Ng3 Bg4 47. Ke5 a4 48. Ra6 Rh3 {[%emt 0:00:44] [#]} (48... Bd1 $1 $11 {keeps the balance.}) 49. Ne4 $1 {[%emt 0:00:34] Ng5+ is the strong threat.} Rxh4 50. Ra7+ ({Much worse is} 50. Rxa4 Rh5+ 51. Kd6 Bf3 $14) (50. Ng5+ $16 Kg7 51. Rxa4) 50... Kf8 $11 51. Kf6 Rh6+ {[%emt 0:06:47] The position is equal.} 52. Kg5 Re6 53. Rxa4 Bd1 54. Rd4 Bc2 55. Kf5 Ke7 56. Rb4 Rxe4 57. Rxe4+ Kd6 58. Kf4 Bxe4 59. Kxe4 {[%emt 0:00:03] White wants to mate with Kd4.} Kc5 60. c4 Kxc4 {[%emt 0:00:05] Weighted Error Value: White=0.62/Black=0.66  Loses game:     	White=2     	Black=1      Missed win:     	White=1     	Black=3      Mistake:       	White=5     	Black=3      Inaccurate:     	White=4     	Black=5      OK:         	White=15    	Black=23     Best:        	White=5     	Black=5      Strong:       	White=2     	Black=1} 1/2-1/2

[Event "Presidents Day NY GM A 2025"]
[Site "New York"]
[Date "2025.02.14"]
[Round "1.4"]
[White "Lenderman, Aleksandr"]
[Black "Kaliksteyn, Alexander"]
[Result "1/2-1/2"]
[Annotator "TA"]
[ECO "D31"]
[WhiteElo "2480"]
[BlackElo "2337"]
[PlyCount "67"]
[EventDate "2025.02.12"]
[EventType "tourn"]
[EventCountry "USA"]
[SourceTitle "playchess.com"]
[Source "ChessBase"]
[SourceQuality "1"]
[TimeControl "5400+30"]

1. d4 d5 2. c4 e6 3. Nc3 c6 4. Nf3 dxc4 5. e3 b5 6. a4 Bb4 7. Bd2 Bb7 8. axb5 Bxc3 9. Bxc3 cxb5 10. b3 a5 11. bxc4 b4 12. Bb2 Nf6 13. Bd3 O-O 14. O-O Nbd7 15. Nd2 Qc7 16. f4 {[%emt 0:00:30] A sharp opening D31: Queen's Gambit Declined: Semi-Slav without ...Nf6 (+ Marshall Gambit and Noteboom) and Exchange Variation lines without ...Nf6.} Ne8 17. e4 f5 18. exf5 {[%emt 0:00:30] White has an edge.} exf5 19. Qc2 Nd6 20. Rae1 $146 (20. Nf3 $11) (20. c5 Ne4 21. Nxe4 fxe4 22. Bxe4 Bxe4 23. Qxe4 a4 24. Qe6+ Kh8 25. Rae1 Nf6 26. Qc4 {0-1 Voracek,M-Zentai,G (2065) Hollabrunn op U18 1998 (9)}) 20... a4 ({Black should play} 20... Ne4 $1 $15) 21. Re7 b3 22. Qc3 (22. Qc1 $11) 22... a3 $17 23. c5 axb2 {[%emt 0:00:30] Black plays on the queen side and is better} 24. Qxb3+ Kh8 25. Qe6 $2 (25. Qxb2 $17 Nc8 26. Ree1) 25... Nxc5 $19 26. Qe5 {[%emt 0:00:30] [#]} (26. dxc5 {was forced.} Qxc5+ 27. Qe3) 26... Qxe7 $3 27. Qxe7 Nxd3 28. Qxd6 Rfe8 (28... Rfc8 $142 29. Qb6 Bd5) 29. d5 {[%emt 0:00:30] [#]} Rad8 $2 (29... Rec8 $1 $19 {[%cal Rc8c2] and ...Rc2 should not be overlooked} 30. Qb6 Bxd5) 30. Qa3 $11 {[%emt 0:00:30] [#] The position is equal. Really sharp!} Bxd5 $1 31. Qxd3 {[%emt 0:00:30][%cal Od3b5] Qb5! is the strong threat.} Bxg2 $1 32. Qb5 Bxf1 33. Kxf1 Rb8 ({And not} 33... Rxd2 34. Qxe8#) 34. Qxf5 {[%emt 0:00:30] Weighted Error Value: White=0.38/Black=0.40  Loses game:     	White=1     	---        Missed win:     	---       	Black=1      Mistake:       	White=3     	Black=2      Inaccurate:     	White=1     	---        OK:         	White=6     	Black=5      Best:        	White=3     	Black=4      Strong:       	---       	Black=1      Brilliant:      	---       	Black=1} 1/2-1/2

[Event "Presidents Day NY GM A 2025"]
[Site "New York"]
[Date "2025.02.14"]
[Round "1.5"]
[White "Yang, Qindong"]
[Black "Park, Evan"]
[Result "0-1"]
[Annotator "RC"]
[ECO "E01"]
[WhiteElo "2202"]
[BlackElo "2415"]
[PlyCount "72"]
[EventDate "2025.02.12"]
[EventType "tourn"]
[EventCountry "USA"]
[SourceTitle "playchess.com"]
[Source "ChessBase"]
[SourceQuality "1"]
[TimeControl "5400+30"]

1. d4 Nf6 2. c4 e6 3. Nf3 d5 4. g3 Bb4+ 5. Bd2 Bd6 6. Nc3 Nc6 7. Bg2 O-O 8. O-O dxc4 9. Bg5 h6 10. Bxf6 Qxf6 11. Ne4 Qf5 12. Ned2 Qb5 13. Qc2 e5 14. Nxc4 exd4 15. Nxd6 cxd6 16. Rad1 Bf5 17. Qd2 Bg4 18. Rfe1 Bxf3 19. Bxf3 d5 20. Rc1 Rfe8 21. Red1 Rad8 22. b3 Qb6 23. h4 Re6 24. Bg4 Rf6 25. Bf3 Ne5 26. Bg2 Nc6 27. Qc2 Re8 28. Rd2 Qa5 29. Qb2 Rf5 30. a3 Qb6 31. b4 d3 32. exd3 Nd4 33. Rc5 Qf6 34. Rxd5 Re1+ 35. Kh2 Rxd5 36. Bxd5 Nf3+ 0-1

[Event "Presidents Day NY GM A 2025"]
[Site "New York"]
[Date "2025.02.14"]
[Round "2.1"]
[White "Gauri, Shankar"]
[Black "Park, Evan"]
[Result "1/2-1/2"]
[Annotator "RC"]
[ECO "C47"]
[WhiteElo "2360"]
[BlackElo "2415"]
[PlyCount "209"]
[EventDate "2025.02.12"]
[EventType "tourn"]
[EventCountry "USA"]
[SourceTitle "playchess.com"]
[Source "ChessBase"]
[SourceQuality "1"]
[TimeControl "5400+30"]

1. e4 e5 2. Nf3 Nc6 3. Nc3 Nf6 4. d4 exd4 5. Nxd4 Bb4 6. Nxc6 bxc6 7. Bd3 O-O 8. O-O Re8 9. Qf3 h6 10. Bd2 d6 11. h3 Rb8 12. Rfe1 Bc5 13. b3 Nd7 14. Qg3 Bd4 15. Rad1 Nc5 16. Ne2 Be5 17. f4 Bf6 18. Qf3 Bd7 19. Ng3 Nxd3 20. Qxd3 c5 21. Kh2 Bd4 22. Be3 Qh4 23. Bxd4 cxd4 24. Qf3 c5 25. c3 dxc3 26. Rxd6 Qe7 27. Rd3 c2 28. Rc3 c4 29. Rxc2 cxb3 30. axb3 Be6 31. Re3 f6 32. Rcc3 Rb5 33. Nf5 Qb4 34. Rc7 Bxf5 35. exf5 Rxe3 36. Qxe3 Rb8 37. Qg3 Qf8 38. Rxa7 Kh8 39. Rd7 Qg8 40. Rd3 Qc8 41. Qg4 Rb5 42. Qg6 Qb8 43. Rd4 Rb4 44. Rxb4 Qxb4 45. Qe8+ Kh7 46. Qe3 Qb5 47. g4 Qd5 48. Qc3 Qd6 49. Kg3 Qd1 50. Kg2 Qe2+ 51. Kg3 Qf1 52. Qe3 Qb1 53. h4 h5 54. gxh5 Qxf5 55. Qe2 Qb1 56. Qf3 Qg1+ 57. Kh3 Qb1 58. Qe3 Kh6 59. f5+ Kh7 60. Kg4 Qd1+ 61. Qf3 Qg1+ 62. Kh3 Qb1 63. Kg2 Qc2+ 64. Kg3 Qb1 65. Kf4 Qc1+ 66. Ke4 Qc6+ 67. Kf4 Qc1+ 68. Qe3 Qf1+ 69. Ke4 Qh1+ 70. Kd3 Qxh4 71. Qe4 Qg3+ 72. Kc4 Qc7+ 73. Kb4 Qb6+ 74. Kc3 Qc5+ 75. Qc4 Qe5+ 76. Qd4 Qc7+ 77. Kb4 Qb7+ 78. Kc4 Qa6+ 79. Kc3 Qa1+ 80. Kc4 Qa6+ 81. Kb4 Qb7+ 82. Ka3 Qa6+ 83. Qa4 Qd3 84. Qg4 Qd6+ 85. b4 Qd3+ 86. Kb2 Qd2+ 87. Kb1 Qd3+ 88. Kc1 Qc3+ 89. Kd1 Qd3+ 90. Ke1 Qe3+ 91. Kf1 Qc1+ 92. Kg2 Qd2+ 93. Kh3 Qc3+ 94. Kh2 Qd2+ 95. Kh3 Qc3+ 96. Qg3 Qxb4 97. h6 Qf8 98. Qg6+ Kh8 99. hxg7+ Qxg7 100. Kg4 Qxg6+ 101. fxg6 Kg8 102. Kf4 Kf8 103. Ke4 Kg8 104. Kf4 Kf8 105. Ke4 1/2-1/2

[Event "Presidents Day NY GM A 2025"]
[Site "New York"]
[Date "2025.02.14"]
[Round "2.2"]
[White "Kaliksteyn, Alexander"]
[Black "Yang, Qindong"]
[Result "1/2-1/2"]
[Annotator "RC"]
[ECO "A22"]
[WhiteElo "2337"]
[BlackElo "2202"]
[PlyCount "37"]
[EventDate "2025.02.12"]
[EventType "tourn"]
[EventCountry "USA"]
[SourceTitle "playchess.com"]
[Source "ChessBase"]
[SourceQuality "1"]
[TimeControl "5400+30"]

1. c4 e5 2. d3 Nf6 3. Nc3 Bb4 4. Bd2 O-O 5. a3 Bxc3 6. Bxc3 Re8 7. Nf3 e4 8. dxe4 Nxe4 9. Rc1 Nc6 10. e3 d6 11. Be2 a5 12. b3 Nxc3 13. Rxc3 Qf6 14. Qd2 Qg6 15. O-O Bh3 16. Ne1 Rad8 17. Bd3 Bf5 18. Nf3 Be4 19. Bxe4 1/2-1/2

[Event "Presidents Day NY GM A 2025"]
[Site "New York"]
[Date "2025.02.14"]
[Round "2.3"]
[White "Nagy, Gabor"]
[Black "Lenderman, Aleksandr"]
[Result "1/2-1/2"]
[Annotator "RC"]
[ECO "D14"]
[WhiteElo "2472"]
[BlackElo "2480"]
[PlyCount "31"]
[EventDate "2025.02.12"]
[EventType "tourn"]
[EventCountry "USA"]
[SourceTitle "playchess.com"]
[Source "ChessBase"]
[SourceQuality "1"]
[TimeControl "5400+30"]

1. d4 d5 2. c4 c6 3. cxd5 cxd5 4. Bf4 Nc6 5. e3 Bf5 6. Nc3 e6 7. Bd3 Bxd3 8. Qxd3 Nf6 9. Nf3 Be7 10. h3 O-O 11. O-O Qb6 12. Rab1 Rfc8 13. Rfc1 a6 14. Nd2 Na5 15. Na4 Qb4 16. Nc5 1/2-1/2

[Event "Presidents Day NY GM A 2025"]
[Site "New York"]
[Date "2025.02.14"]
[Round "2.4"]
[White "Stearman, Josiah"]
[Black "Jacobson, Aaron"]
[Result "1-0"]
[Annotator "RC"]
[ECO "C65"]
[WhiteElo "2439"]
[BlackElo "2343"]
[PlyCount "79"]
[EventDate "2025.02.12"]
[EventType "tourn"]
[EventCountry "USA"]
[SourceTitle "playchess.com"]
[Source "ChessBase"]
[SourceQuality "1"]
[TimeControl "5400+30"]

1. e4 e5 2. Nf3 Nc6 3. Bb5 Nf6 4. O-O Bc5 5. c3 O-O 6. d4 Bb6 7. Bg5 h6 8. Bh4 d6 9. Bxc6 bxc6 10. Qa4 Qe8 11. dxe5 dxe5 12. Bxf6 gxf6 13. Nbd2 a5 14. Nh4 Kh7 15. Nf5 Rg8 16. Qd1 Be6 17. Qh5 Qf8 18. Nf3 a4 19. Rfd1 Rg6 20. Rd3 Bc4 21. Rd2 Be6 22. Rad1 Bxa2 23. N5h4 Rg8 24. Qf5+ Kg7 25. Rd7 Re8 26. Qg6+ Kh8 27. Qxf6+ Qg7 28. Qxc6 Be6 29. g3 Ra8 30. Nf5 Qf6 31. Re7 a3 32. bxa3 Rxa3 33. Re8 h5 34. N3h4 Qg5 35. Rxe6 fxe6 36. Qxe6 Ra5 37. Kg2 Rb5 38. Rd7 Bxf2 39. Qf7 Rg7 40. Qxg7+ 1-0

[Event "Presidents Day NY GM A 2025"]
[Site "New York"]
[Date "2025.02.14"]
[Round "2.5"]
[White "Paragua, Mark"]
[Black "Putnam, Liam"]
[Result "1-0"]
[Annotator "RC"]
[ECO "E18"]
[WhiteElo "2446"]
[BlackElo "2402"]
[PlyCount "53"]
[EventDate "2025.02.12"]
[EventType "tourn"]
[EventCountry "USA"]
[SourceTitle "playchess.com"]
[Source "ChessBase"]
[SourceQuality "1"]
[TimeControl "5400+30"]

1. d4 Nf6 2. c4 e6 3. g3 d5 4. Bg2 Be7 5. Nf3 O-O 6. O-O dxc4 7. Qc2 b6 8. Qxc4 Bb7 9. Nc3 Nbd7 10. Ne5 Bxg2 11. Kxg2 Nxe5 12. dxe5 Nd7 13. f4 c5 14. Qe4 a6 15. f5 Ra7 16. f6 gxf6 17. Bh6 f5 18. Qf4 Re8 19. e4 Kh8 20. exf5 Qa8+ 21. Kh3 exf5 22. Qxf5 Qc6 23. Bg7+ Kxg7 24. Qxf7+ Kh6 25. Qxe8 Qe6+ 26. g4 Kg7 27. Qh5 1-0

[Event "Presidents Day NY GM A 2025"]
[Site "New York"]
[Date "2025.02.15"]
[Round "3.1"]
[White "Putnam, Liam"]
[Black "Gauri, Shankar"]
[Result "1-0"]
[Annotator "RC"]
[ECO "C54"]
[WhiteElo "2402"]
[BlackElo "2360"]
[PlyCount "82"]
[EventDate "2025.02.12"]
[EventType "tourn"]
[EventCountry "USA"]
[SourceTitle "playchess.com"]
[Source "ChessBase"]
[SourceQuality "1"]
[TimeControl "5400+30"]

1. e4 e5 2. Nf3 Nc6 3. Bc4 Bc5 4. c3 Nf6 5. d3 d6 6. O-O h6 7. Nbd2 O-O 8. Re1 a6 9. Nf1 Ba7 10. Ng3 Na5 11. Bb3 Nxb3 12. axb3 Re8 13. h3 Be6 14. b4 c6 15. d4 Bb8 16. Be3 Bc7 17. Qc2 Nh7 18. c4 exd4 19. Nxd4 Qf6 20. Ndf5 Bxf5 21. Nxf5 Ng5 22. Bd4 Qg6 23. Kh1 Ne6 24. Bc3 Rad8 25. Rad1 Nf4 26. f3 Ne6 27. Re2 Qg5 28. h4 Qg6 29. Red2 h5 30. g4 hxg4 31. Rg1 Qh7 32. Bxg7 Nxg7 33. Rxg4 Kf8 34. Rxg7 Qxg7 35. Nxg7 Kxg7 36. Rg2+ Kf8 37. Qd2 Re6 38. h5 Ke7 39. Qg5+ Rf6 40. f4 Ke6 41. Re2 Rh8 1-0

[Event "Presidents Day NY GM A 2025"]
[Site "New York"]
[Date "2025.02.15"]
[Round "3.2"]
[White "Jacobson, Aaron"]
[Black "Paragua, Mark"]
[Result "1-0"]
[Annotator "RC"]
[ECO "D55"]
[WhiteElo "2343"]
[BlackElo "2446"]
[PlyCount "93"]
[EventDate "2025.02.12"]
[EventType "tourn"]
[EventCountry "USA"]
[SourceTitle "playchess.com"]
[Source "ChessBase"]
[SourceQuality "1"]
[TimeControl "5400+30"]

1. c4 e6 2. Nc3 d5 3. d4 Nf6 4. Bg5 Be7 5. e3 O-O 6. Nf3 h6 7. Bf4 c5 8. dxc5 Qa5 9. a3 dxc4 10. Bxc4 Qxc5 11. Qe2 Nc6 12. b4 Qh5 13. Ne5 Qxe2+ 14. Bxe2 Nxe5 15. Bxe5 a5 16. b5 Nd7 17. Bg3 Nc5 18. O-O Bd7 19. Rfd1 Rac8 20. Na4 Nxa4 21. Rxd7 Bf6 22. Re1 b6 23. Kf1 Rfd8 24. Rxd8+ Rxd8 25. Rc1 Nc3 26. Bc7 Rd5 27. Bc4 Rh5 28. g4 Rg5 29. Bxb6 Rxg4 30. f4 g5 31. Bxa5 Nxb5 32. Bxb5 gxf4 33. Bc3 Bg5 34. a4 fxe3 35. Ke2 Rg2+ 36. Kd3 Rxh2 37. a5 e2 38. Rc2 Bf6 39. Be1 Rh5 40. Bc4 Bd8 41. a6 Bb6 42. Rxe2 Rh3+ 43. Kc2 h5 44. Bf2 Bxf2 45. Rxf2 Ra3 46. Kb2 Ra5 47. Kb3 1-0

[Event "Presidents Day NY GM A 2025"]
[Site "New York"]
[Date "2025.02.15"]
[Round "3.3"]
[White "Lenderman, Aleksandr"]
[Black "Stearman, Josiah"]
[Result "1/2-1/2"]
[Annotator "RC"]
[ECO "E04"]
[WhiteElo "2480"]
[BlackElo "2439"]
[PlyCount "30"]
[EventDate "2025.02.12"]
[EventType "tourn"]
[EventCountry "USA"]
[SourceTitle "playchess.com"]
[Source "ChessBase"]
[SourceQuality "1"]
[TimeControl "5400+30"]

1. d4 Nf6 2. c4 e6 3. g3 d5 4. Bg2 Bb4+ 5. Nd2 O-O 6. Ngf3 dxc4 7. Qc2 c5 8. dxc5 Nc6 9. O-O e5 10. Ne4 Nxe4 11. Qxe4 Bxc5 12. Ng5 g6 13. Qh4 h5 14. Qxc4 Qd4 15. Qc2 Bb6 1/2-1/2

[Event "Presidents Day NY GM A 2025"]
[Site "New York"]
[Date "2025.02.15"]
[Round "3.4"]
[White "Yang, Qindong"]
[Black "Nagy, Gabor"]
[Result "1/2-1/2"]
[Annotator "RC"]
[ECO "A67"]
[WhiteElo "2202"]
[BlackElo "2472"]
[PlyCount "61"]
[EventDate "2025.02.12"]
[EventType "tourn"]
[EventCountry "USA"]
[SourceTitle "playchess.com"]
[Source "ChessBase"]
[SourceQuality "1"]
[TimeControl "5400+30"]

1. d4 Nf6 2. c4 c5 3. d5 e6 4. Nc3 exd5 5. cxd5 d6 6. e4 g6 7. f4 Bg7 8. Bb5+ Nfd7 9. a4 Qh4+ 10. g3 Qe7 11. Nf3 O-O 12. O-O Na6 13. Re1 Nb4 14. Bf1 Rd8 15. h3 a6 16. Bd2 Rb8 17. Qb3 Re8 18. Nd1 Qd8 19. Nf2 b5 20. axb5 axb5 21. Bxb4 cxb4 22. Qxb4 Nc5 23. Rad1 Qb6 24. Nd4 Bd7 25. Nc6 Bxc6 26. dxc6 Qxc6 27. Bg2 Qb6 28. Kh2 Rec8 29. Re2 Qa6 30. b3 h5 31. h4 1/2-1/2

[Event "Presidents Day NY GM A 2025"]
[Site "New York"]
[Date "2025.02.15"]
[Round "3.5"]
[White "Park, Evan"]
[Black "Kaliksteyn, Alexander"]
[Result "1/2-1/2"]
[Annotator "RC"]
[ECO "B51"]
[WhiteElo "2415"]
[BlackElo "2337"]
[PlyCount "82"]
[EventDate "2025.02.12"]
[EventType "tourn"]
[EventCountry "USA"]
[SourceTitle "playchess.com"]
[Source "ChessBase"]
[SourceQuality "1"]
[TimeControl "5400+30"]

1. e4 c5 2. Nf3 d6 3. Bb5+ Nd7 4. c4 Ngf6 5. d3 g6 6. Nc3 Bg7 7. h3 O-O 8. Ba4 Nb8 9. O-O Bd7 10. Bxd7 Nfxd7 11. Be3 Nc6 12. d4 Qb6 13. Na4 Qa5 14. b3 a6 15. d5 Nce5 16. Nxe5 Bxe5 17. Bd2 Qd8 18. Rb1 b5 19. Nb2 Rb8 20. Qc2 Nb6 21. Nd3 Bd4 22. a4 bxc4 23. bxc4 Qd7 24. a5 Qa4 25. Qxa4 Nxa4 26. Rfc1 Nb2 27. Nxb2 Bxb2 28. Rc2 Ba3 29. Rb6 Rxb6 30. axb6 Rb8 31. Ra2 Bb4 32. Bxb4 cxb4 33. Rxa6 b3 34. Ra1 Rxb6 35. f3 Rb4 36. Rb1 Kg7 37. Kf2 Kf6 38. Ke2 Rxc4 39. Rxb3 Rc2+ 40. Kf1 g5 41. Rb8 h5 1/2-1/2

[Event "Presidents Day NY GM A 2025"]
[Site "New York"]
[Date "2025.02.15"]
[Round "4.1"]
[White "Gauri, Shankar"]
[Black "Kaliksteyn, Alexander"]
[Result "1-0"]
[Annotator "ChessBase"]
[ECO "E04"]
[WhiteElo "2360"]
[BlackElo "2337"]
[PlyCount "97"]
[EventDate "2025.02.12"]
[EventType "tourn"]
[EventCountry "USA"]
[SourceTitle "playchess.com"]
[Source "ChessBase"]
[SourceQuality "1"]
[TimeControl "5400+30"]

1. Nf3 d5 2. g3 c5 3. Bg2 Nc6 4. d4 e6 5. O-O Nf6 6. c4 dxc4 7. dxc5 Qxd1 8. Rxd1 Bxc5 9. Nbd2 c3 10. bxc3 O-O 11. Nb3 Be7 12. c4 Bd7 13. Bb2 Rfc8 14. Rac1 Be8 15. Nfd4 a5 16. Nb5 a4 17. N3d4 Nxd4 18. Bxd4 Bxb5 19. cxb5 Nd5 20. Bxd5 exd5 21. Be3 f6 22. Rxd5 Rxc1+ 23. Bxc1 Rc8 24. Be3 Rc2 25. Rd2 Rxd2 26. Bxd2 Kf7 27. e4 Ke6 28. Bc3 Ba3 29. f4 Kd6 30. e5+ fxe5 31. Bxe5+ Kc5 32. Bxg7 Kxb5 33. Kf2 Kc4 34. Ke2 b5 35. Kd2 Bc5 36. Be5 b4 37. g4 b3 38. axb3+ axb3 39. h4 Bb4+ 40. Kc1 Ba3+ 41. Bb2 Bd6 42. f5 Bg3 43. f6 Bxh4 44. f7 Bg5+ 45. Kb1 Bh6 46. Ba3 Kd5 47. f8=Q Bxf8 48. Bxf8 Ke4 49. Bh6 1-0